 Dungeon Crawl Stone Soup version 0.22-a0-81-g7478db5 (webtiles) character file.

253 galech the Ruffian (level 5, -11/53 HPs)
             Began as a Troll Monk on Jan 18, 2018.
             Mangled by Edmund
             ... wielding a +5 dire flail of holy wrath
              (14 damage)
             ... on level 4 of the Dungeon.
             The game lasted 00:03:59 (2710 turns).

galech the Ruffian (Troll Monk)                     Turns: 2710, Time: 00:04:00

Health: -11/53     AC:  5    Str: 25    XL:     5   Next: 90%
Magic:  4/4        EV: 14    Int:  6    God:
Gold:   190        SH:  0    Dex: 12    Spells: 4/4 levels left

rFire    . . .     SeeInvis .     - Unarmed
rCold    . . .     Gourm    +   (no shield)
rNeg     . . .     Faith    .   a - +0 robe
rPois    .         Spirit   .   (helmet restricted)
rElec    .         Reflect  .   (no cloak)
rCorr    .         Harm     .   (gloves unavailable)
MR       .....                  (boots unavailable)
Stlth    ++........             (no amulet)
HPRegen  0.57/turn              i - +3 ring of evasion
MPRegen  0.09/turn              (no ring)

@: mighty, lethally poisoned (-11 -> -12)
A: large, unfitting armour, claws 3, fast metabolism 3, gourmand, regeneration
1, shaggy fur 1, tough skin 2
a: no special abilities


You were on level 4 of the Dungeon.
You were completely stuffed.

You visited 1 branch of the dungeon, and saw 4 of its levels.

You collected 190 gold pieces.

Inventory:

Armour
 a - a +0 robe (worn)
Jewellery
 i - a +3 ring of evasion (left claw)
Wands
 k - a wand of iceblast (6)
Scrolls
 c - a scroll of remove curse {unknown}
 g - 4 scrolls of identify {unknown}
 h - a scroll of random uselessness {unknown}
 l - a scroll of noise {unknown}
 n - a scroll of magic mapping {unknown}
 p - a scroll of amnesia {unknown}
Potions
 d - a potion of berserk rage {unknown}
 e - 2 potions of curing {unknown}
 f - a potion of might
 j - a potion of lignification {unknown}
 o - a potion of brilliance {unknown}
Books
 m - a book of Cantrips

   Spells                             Type                      Level
   a - Confusing Touch                Hexes                        1
   b - Animate Skeleton               Necromancy                   1
   c - Summon Small Mammal            Summoning                    1
   d - Apportation                    Translocation                1
Comestibles
 b - 6 rations
 q - 4 chunks of flesh


   Skills:
 + Level 3.0 Fighting
 + Level 3.1 Dodging
 + Level 1.6 Stealth
 + Level 5.3 Unarmed Combat


You had 4 spell levels left.
You didn't know any spells.

Dungeon Overview and Level Annotations

Branches:
Dungeon (4/15)
 Temple: D:4-7

Altars:
Dithmenos
Fedhas
Ru
Zin
The Shining One

Annotations:
D:4 Edmund


Innate Abilities, Weirdness & Mutations

You are too large for most types of armour.
You have claws for hands.
Your metabolism is lightning-fast.
You like to eat raw meat.
Your natural rate of healing is unusually fast.
You are covered in fur. (AC +1)
You have very tough skin. (AC +2)


Message History

You scratch the adder.
The adder is moderately wounded.
The adder bites you but does no damage. Edmund barely misses you.
You scratch the adder.
The adder is almost dead.
The adder bites you.
* * * LOW HITPOINT WARNING * * *
You are poisoned.
The adder poisons you!
Edmund hits you with a dire flail of holy wrath!
* * * LOW HITPOINT WARNING * * *
The adder bites you.
* * * LOW HITPOINT WARNING * * *
You are more poisoned.
The adder poisons you!
It was a potion of might.
You feel very mighty all of a sudden.
You feel sick. The adder bites you but does no damage.
Edmund hits you with a dire flail of holy wrath!
You die...

+... #... #..<. #(.(.
#######.# ##....##.......#
#### #......#.####### #...
#......#.##################..)
.......'..as@@S...............
#......#+############.........
##..... #.............###
+..... +...(.........# #.....
#....#####....# .......
#...##...##...### .......
#..##8.>.8##..).. ...####
#..#.......#.....
#..#.>.8..รท'.....


You could see Edmund, a worker ant, an adder and a giant cockroach.

Vanquished Creatures
  A howler monkey (D:4)
  2 worker ants
  3 gnolls (D:3)
  6 adders
  An ooze (D:1)
  2 dart slugs
  A leopard gecko (D:1)
  4 orcs
  5 giant cockroaches
  8 goblins
  6 hobgoblins
  4 jackals (D:2)
  3 quokkas
  A ball python (D:2)
  8 bats
  4 frilled lizards
  10 kobolds
  A quokka skeleton (D:4)
  8 rats
78 creatures vanquished.

Notes
Turn   | Place    | Note
-------+----------+-------------------------------------------
     0 | D:1      | galech the Troll Monk began the quest for the Orb.
     0 | D:1      | Reached XP level 1. HP: 22/22 MP: 0/0
   142 | D:1      | Reached XP level 2. HP: 29/29 MP: 1/1
   556 | D:1      | Reached XP level 3. HP: 36/36 MP: 2/2
  1193 | D:2      | Found a glowing silver altar of Zin.
  1247 | D:2      | Reached XP level 4. HP: 43/44 MP: 3/3
  1412 | D:2      | Found a glowing golden altar of the Shining One.
  1423 | D:2      | Reached skill level 4 in Unarmed Combat
  1715 | D:3      | Found a shadowy altar of Dithmenos.
  1793 | D:3      | Found a blossoming altar of Fedhas.
  1868 | D:3      | Reached XP level 5. HP: 52/52 MP: 4/4
  1909 | D:3      | Found a sacrificial altar of Ru.
  2162 | D:3      | Found a glowing golden altar of the Shining One.
  2424 | D:4      | Reached skill level 5 in Unarmed Combat
  2694 | D:4      | Noticed Edmund
  2710 | D:4      | Mangled by Edmund

Vault maps used:
D:1:      dpeg_arrival_prison
D:2:      zin_statuary, nicolae_overflow_hidden_temple, first_ration
D:3:      lemuel_doored_altar, nicolae_dithmenos_through_a_glass_darkly,
          nicolae_ru_the_path_less_chosen, corexii_item_surrounded_by_moat,
          hangedman_decor_riveting, nicolae_tso_swordbearing_angel
D:4:      kennysheep_little_box, grunt_ministairs_7, uniq_duvessa, uniq_edmund

Skill      XL: |  1  2  3  4  5 |
---------------+----------------+-----
Unarmed Combat | 4 5 |  5.3
Dodging        | 3 |  3.1
Fighting       | 3 |  3.0
Stealth        | |  1.6

Action                   |  1- 3 |  4- 6 || total
-------------------------+-------+-------++-------
Melee: Unarmed           |   112 |   102 ||   214
       Punch             |       |     1 ||     1
  Use: Potion            |       |     1 ||     1
 Stab: Sleeping          |     7 |     1 ||     8
       Distracted        |       |     1 ||     1
  Eat: Chunk             |    17 |    13 ||    30
Armor: Robe              |    43 |    20 ||    63
Dodge: Dodged            |    67 |    57 ||   124

Table legend:
 A = Spawn XP
 B = Non-spawn XP
 C = Spawn XP percentage of total XP
 D = Spawn monster count
 E = Non-spawn monster count
 F = Spawn count percentage of total count
 G = Total turns spent on level
                    A         B        C        D         E        F      G
               +---------+---------+-------+---------+---------+-------+---------
         Total |       0 |     362 |   0.0 |       0 |      78 |   0.0 |  2710
               +---------+---------+-------+---------+---------+-------+---------
           D:1 |       0 |      53 |   0.0 |       0 |      30 |   0.0 |   904
           D:2 |       0 |      97 |   0.0 |       0 |      26 |   0.0 |   802
           D:3 |       0 |     106 |   0.0 |       0 |      16 |   0.0 |   635
           D:4 |       0 |     106 |   0.0 |       0 |       6 |   0.0 |   369
               +---------+---------+-------+---------+---------+-------+---------
